 Dungeon Sprint DCSS version 0.30.1-4-g462c640d31 (webtiles) character file.

Game seed: 1345644655379341119

5755 Heoruswealwe the Imperceptible (level 10, 0/44 HPs)
             Began as a Spriggan Artificer on Aug 29, 2023.
             Was an Initiate of Gozag.
             Shot with an arrow by a centaur warrior (26 damage)
             ... in the Dungeon (Sprint I: "Red Sonja").
             The game lasted 00:07:09 (825 turns).

Heoruswealwe the Imperceptible (Spriggan Artificer)  Turns: 825, Time: 00:07:11

Health: 0/44       AC:  2    Str:  8    XL:     10   Next: 49%
Magic:  11/11      EV: 31    Int: 13    God:    Gozag
Gold:   855        SH:  0    Dex: 20    Spells: 9/9 levels left

rFire   . . .        o - +6 dagger of Isimperphe {elec, rN+}
rCold   . . .        (no shield)
rNeg    + . .        c - +0 robe
rPois   .            (helmet restricted)
rElec   .            (no cloak)
rCorr   .            (gloves unavailable)
SInv    +            (boots unavailable)
Will    +....        (no amulet)
Stlth   +++++++++    (no ring)
HPRegen 0.27/turn    (no ring)
MPRegen 0.12/turn

%: no teleportation
@: very quick
A: very small, no large weapons, unfitting armour, see invisible, speed 3
a: Renounce Religion, Potion Petition, Call Merchant, Bribe Branch


You were in the Dungeon.
You worshipped Gozag.
Gozag was pleased with you.
You visited 1 branch You collected 1243 gold pieces.
You spent 357 gold pieces at shops.
You donated 31 gold pieces to Zin.

Inventory:

Hand Weapons
 a - a +0 dagger
 o - the +6 dagger of Isimperphe (weapon) {elec, rN+}
   (You bought it in a shop in the Dungeon)

   rN:        It protects you from negative energy.
Armour
 c - a +0 robe (worn)
Wands
 b - a wand of flame (8) (quivered)
 d - a wand of charming (15)
 e - a wand of iceblast (2)
 l - a wand of light (10)
Scrolls
 k - a scroll of blinking
 n - 4 scrolls of identify {unknown}
 q - a scroll of fog {unknown}
 r - a scroll of enchant weapon {unknown}
Potions
 f - 3 potions of curing
 g - a potion of heal wounds
 h - a potion of haste
 i - 2 potions of magic
 j - a potion of berserk rage
 m - a potion of resistance {unknown}
 p - 2 potions of might {unknown}


   Skills:
 - Level 0.7 Fighting
 + Level 16.5 Dodging
 * Level 25.9 Stealth
 + Level 16.7 Evocations


You had 9 spell levels left.
You didn't know any spells.
Your spell library contained the following spells:

 Spells                   Type           Power      Damage    Failure   Level
 Beastly Appendage        Tmut           0%         N/A       30%         1
 Wereblood                Tmut           0%         N/A       43%         2
 Spider Form              Tmut/Pois      0%         N/A       67%         3


Dungeon Overview and Level Annotations

Branches:
Dungeon (1/1)

Altars:
Cheibriados
Dithmenos
Elyvilon
Fedhas
Gozag
Hepliaklqana
Kikubaaqudgha
Makhleb
Nemelex Xobeh
Okawaru
Qazlal
Ru
Sif Muna
Trog
Uskayaw
Vehumet
Wu Jian
Xom
Yredelemnul
Zin
The Shining One
Jiyva
Lugonu

Shops:
D ?((*=([


Innate Abilities, Weirdness & Mutations

You are very small and have problems with some larger weapons.
You are too small for most types of armour.
You have supernaturally acute eyesight. (SInv)
You cover ground extremely quickly. (Speed+++)


Message History

There is an open door here.
You open the door.
Found a stone and 23 gold pieces.
Found a book of Changes.
There is an open door here.
You now have 843 gold pieces (gained 11).
You see here a stone.
You now have 855 gold pieces (gained 12).
You pick up a book of Changes and begin reading...
You add the spells Beastly Appendage, Wereblood and Spider Form to your library.
You see here a stone.
You open the door.
A centaur warrior comes into view.
Found a small silver amulet and 5 stones.
A centaur warrior comes into view.
The centaur warrior moves out of view.
There is an open door here.
You enter the shallow water.
Moving in this stuff is going to be slow.
The centaur warrior shouts! x2
The centaur warrior wields a +0 shortbow.
The centaur warrior shoots an arrow.
The arrow closely misses you.
The centaur warrior wields a +0 longbow.
The centaur warrior shoots an arrow.
The arrow completely misses you.
Aiming: Iceblast
Press: ? - help, Shift-Dir - straight line The mass of ice explodes!
The iceblast engulfs the centaur warrior!!
The centaur warrior is heavily wounded.
The iceblast engulfs the centaur warrior!!
The centaur warrior is severely wounded.
The centaur warrior shoots an arrow.
The arrow hits you!
The centaur warrior attacks as you move away!
The centaur warrior unwields a +0 shortbow.
The centaur warrior misses you. The centaur warrior kicks you.
The centaur warrior wields a +0 shortbow.
The centaur warrior shoots an arrow.
The arrow hits you!!
Ouch! That really hurt!
You die...
Your body crumbles into a pile of gold.

#########################
<.#..').#.)'..#__#..'..)#
$ $$
..)..#..'..#..'..'..#...#
$
..#####'#####'#__####)..+
$ $
..####..#...#.####"(#####
$ $
..#__####[.##.#~~§§§#$$ $
..#_____##'#_.+~~§c§+ $
⌠⌠#_.∩...'..._#§§§c.#$$ $
###_..__##_.#'##@####
$$#_____###'#(#.(§.### $
###########.####'###.## $
∩........'...'.....')∩# $
##''''####.).########## $
$$ $ .......####.### $


$$$$ ........#.#'#.# $ $$$$ ..#.....#.....# $ $$$$ ........#.....# $$$ You could
see 2 centaur warriors.

Vanquished Creatures
  Sonja (D)
  A deep troll (D)
  8 shining eyes (D)
  2 kobold demonologists (D)
  A slime creature (D)
  Sigmund (D)
  A yak (D)
  5 floating eyes (D)
  An ogre (D)
  A jelly (D)
  Ijyb (D)
  2 ballistomycete spores (D)
25 creatures vanquished.

Notes
Turn   | Place    | Note
-------+----------+-------------------------------------------
     0 | D        | Heoruswealwe the Spriggan Artificer began the quest for the
                  | Orb.
     0 | D        | Reached XP level 1. HP: 9/9 MP: 2/2
     1 | D        | Noticed Ijyb
     4 | D        | Killed Ijyb
     5 | D        | Reached skill level 6 in Stealth
     5 | D        | Reached skill level 5 in Evocations
     5 | D        | Reached XP level 2. HP: 14/14 MP: 3/3
    14 | D        | Noticed an ogre
    35 | D        | Killed an ogre
    36 | D        | Reached skill level 10 in Stealth
    36 | D        | Reached XP level 3. HP: 17/17 MP: 4/4
    36 | D        | Reached XP level 4. HP: 21/21 MP: 5/5
    45 | D        | Noticed Sigmund
    48 | D        | Killed Sigmund
    49 | D        | Reached skill level 13 in Stealth
    49 | D        | Reached XP level 5. HP: 25/25 MP: 6/6
    49 | D        | Reached XP level 6. HP: 29/29 MP: 7/7
    61 | D        | Found an ornate altar of the Wu Jian Council.
    61 | D        | Found a shimmering blue altar of Sif Muna.
    63 | D        | Found a radiant altar of Vehumet.
    98 | D        | Found Sufoceph's Assorted Antiques.
    98 | D        | Found an ancient bone altar of Kikubaaqudgha.
    98 | D        | Found a hazy altar of Hepliaklqana.
    98 | D        | Found a stormy altar of Qazlal.
    98 | D        | Found a hide-covered altar of Uskayaw.
    98 | D        | Found a blossoming altar of Fedhas.
    98 | D        | Found a bloodstained altar of Trog.
    98 | D        | Found an iron altar of Okawaru.
    98 | D        | Found a basalt altar of Yredelemnul.
    98 | D        | Found a glowing golden altar of the Shining One.
    98 | D        | Found a snail-covered altar of Cheibriados.
    98 | D        | Found a sacrificial altar of Ru.
    98 | D        | Found a glowing silver altar of Zin.
    98 | D        | Found a shadowy altar of Dithmenos.
    98 | D        | Found a white marble altar of Elyvilon.
    98 | D        | Noticed a yak
    99 | D        | Found an opulent altar of Gozag.
   100 | D        | Killed a yak
   101 | D        | Reached skill level 10 in Dodging
   101 | D        | Reached skill level 15 in Stealth
   101 | D        | Reached skill level 10 in Evocations
   101 | D        | Found a sparkling altar of Nemelex Xobeh.
   106 | D        | Became a worshipper of Zin the Law-Giver
   106 | D        | Reached * piety under Zin
   106 | D        | Reached ** piety under Zin
   106 | D        | Reached *** piety under Zin
   106 | D        | Reached **** piety under Zin
   106 | D        | Reached ***** piety under Zin
   106 | D        | Reached ****** piety under Zin
   109 | D        | Bought a scroll labelled MINWIG GYIH for 20 gold pieces
   109 | D        | Bought a distressingly furry robe for 114 gold pieces
   109 | D        | Identified the +0 robe of Integrity {+Blink Str-5 Int+6
                  | Stlth+} (You bought it in a shop in the Dungeon)
   109 | D        | Bought 2 sedimented yellow potions for 36 gold pieces
   109 | D        | Bought a scroll labelled KACOIRGHUSKO for 20 gold pieces
   109 | D        | Bought a scroll labelled OPNETI AW BENN for 20 gold pieces
   120 | D        | Noticed Sonja
   124 | D        | Killed Sonja
   125 | D        | Reached skill level 18 in Stealth
   125 | D        | Reached XP level 7. HP: 32/32 MP: 8/8
   139 | D        | Found Tycaluuf's Magic Scroll Boutique.
   149 | D        | Noticed a shining eye
   149 | D        | Noticed a shining eye
   149 | D        | Noticed a shining eye
   149 | D        | Noticed a shining eye
   149 | D        | Noticed a shining eye
   149 | D        | Noticed a shining eye
   152 | D        | Reached XP level 8. HP: 37/37 MP: 9/9
   152 | D        | Noticed a shining eye
   152 | D        | Noticed a shining eye
   156 | D        | Paralysed by a floating eye for 3 turns
   163 | D        | Paralysed by a floating eye for 4 turns
   170 | D        | Paralysed by a floating eye for 2 turns
   171 | D        | Reached skill level 19 in Stealth
   175 | D        | Killed a shining eye
   176 | D        | Reached skill level 20 in Stealth
   177 | D        | Paralysed by a floating eye for 2 turns
   181 | D        | Killed a shining eye
   182 | D        | Reached skill level 21 in Stealth
   183 | D        | Paralysed by a floating eye for 4 turns
   188 | D        | Paralysed by a floating eye for 2 turns
   192 | D        | Paralysed by a floating eye for 2 turns
   195 | D        | Reached XP level 9. HP: 40/40 MP: 10/10
   204 | D        | Paralysed by a floating eye for 4 turns
   285 | D        | Killed a shining eye
   286 | D        | Reached skill level 22 in Stealth
   335 | D        | Killed a shining eye
   395 | D        | Killed a shining eye
   396 | D        | Reached skill level 23 in Stealth
   396 | D        | Reached skill level 15 in Evocations
   452 | D        | Killed a shining eye
   453 | D        | Reached skill level 15 in Dodging
   500 | D        | Killed a shining eye
   501 | D        | Reached skill level 24 in Stealth
   501 | D        | Reached XP level 10. HP: 44/44 MP: 11/11
   549 | D        | Killed a shining eye
   569 | D        | Found Buseshea's Antique Weapon Shoppe.
   569 | D        | Found Faecem's Jewellery Shop.
   569 | D        | Found Bamuip's Antique Weapon Emporium.
   569 | D        | Found Niown's Antique Weapon Boutique.
   573 | D        | Bought a smoking dagger for 147 gold pieces
   573 | D        | Identified the +6 dagger of Isimperphe {elec, rN+} (You
                  | bought it in a shop in the Dungeon)
   608 | D        | Fell from the grace of Zin
   608 | D        | Became a worshipper of Gozag Ym Sagoz the Greedy
   619 | D        | Found a burning altar of Makhleb.
   619 | D        | Found a viscous altar of Jiyva.
   619 | D        | Found a shimmering altar of Xom.
   619 | D        | Found a corrupted altar of Lugonu.
   639 | D        | Reached skill level 25 in Stealth
   782 | D        | Noticed a deep troll
   786 | D        | Killed a deep troll
   799 | D        | Found Kaxell's Armour Emporium.
   821 | D        | Noticed a centaur warrior
   822 | D        | Noticed a centaur warrior
   825 | D        | Shot with an arrow by a centaur warrior

Illustrated notes

Levels and vault maps discovered:
D:        dungeon_sprint_1 [red_sonja_temple_1, red_sonja_temple_small_1]

Skill      XL: |  1  2  3  4  5  6  7  8  9 10 |
---------------+-------------------------------+-----
Dodging        | 4 6 8 11 12 13 15 16 | 16.5
Stealth        | 6 10 13 18 21 24 25 | 25.9
Evocations     | 5 7 9 12 13 15 16 | 16.7
Fighting       | |  0.7

Action                     |  1- 3 |  4- 6 |  7- 9 | 10-12 || total
---------------------------+-------+-------+-------+-------++-------
  Melee: Dagger            |       |     4 |   298 |    56 ||   358
         Punch             |       |       |    12 |     1 ||    13
  Evoke: Wand              |     9 |       |       |     1 ||    10
   Stab: Sleeping          |       |     4 |     3 |     6 ||    13
  Dodge: Dodged            |     2 |       |       |     3 ||     5
